 Dungeon Crawl Stone Soup version 0.31-a0-167-g1c394c0614 (webtiles) character file.

Game seed: 14623674174620781488

68 Midn8 the Insei (level 3, -2/27 HPs)
             Began as a Demigod Transmuter on June 14, 2023.
             Succumbed to a scorpion's poison
             ... on level 2 of the Dungeon.
             The game lasted 00:05:30 (1628 turns).

Midn8 the Insei (Demigod Transmuter)                Turns: 1628, Time: 00:05:31

Health: -2/27      AC:  3    Str: 11    XL:     3   Next: 73%
Magic:  8/8        EV: 12    Int: 15    God:
Gold:   60         SH:  0    Dex: 18    Spells: 0/6 levels left

rFire   . .          .
                       - Unarmed
rCold   . . .        (no shield)
rNeg    . . .        a - +0 robe
rPois   .            (helmet currently unavailable)
rElec   .            (no cloak)
rCorr   .            m - +0 pair of gloves
SInv    .            (boots currently unavailable)
Will    .....        (no amulet)
Stlth   ++           (no ring)
HPRegen 0.24/turn    (no ring)
MPRegen 0.11/turn

%: no passive effects
@: lethally poisoned (-2 -> -14), appendages (expiring), very slightly
contaminated
A: horns 2, talons 2, high MP 1, forlorn, divine attributes
a: End Transformation


You were on level 2 of the Dungeon.
You had temporarily grown beastly horns and talons.
You visited 1 branch of the dungeon, and saw 2 of its levels.

You collected 60 gold pieces.

Inventory:

Missiles
 g - 8 poisoned darts
 k - 3 curare-tipped darts
Armour
 a - a +0 robe (worn)
 i - a +0 buckler
 m - a +0 pair of gloves (worn)
Scrolls
 d - a scroll of poison {unknown}
 f - a scroll of noise {unknown}
 h - 2 scrolls of teleportation {unknown}
 l - a scroll of fog {unknown}
Potions
 b - a potion of lignification
 c - a potion of magic
 e - 2 potions of curing {unknown}
 j - a potion of brilliance {unknown}


   Skills:
 - Level 0.8 Fighting
 - Level 1.7 Dodging
 + Level 3.3 Unarmed Combat
 - Level 2.0 Spellcasting
 - Level 3.2 Transmutations


You couldn't memorise any spells.
You knew the following spells:

 Your Spells              Type           Power      Damage    Failure   Level
a - Beastly Appendage     Tmut           22%        N/A       6%          1
s - Spider Form           Tmut/Pois      6%         N/A       34%         3
S - Wereblood             Tmut           11%        N/A       9%          2

Your spell library contained the following spells:

 Spells                   Type           Power      Damage    Failure   Level
 Ignite Poison            Fire/Tmut/Pois 4%         N/A       38%         3
 Ice Form                 Ice/Tmut       6%         N/A       75%         4
 Sticky Flame             Conj/Fire      1%         2d3       91%         4
 Ignition                 Fire           0%         3d3       100%        8


Dungeon Overview and Level Annotations

Branches:
Dungeon (2/15)


Innate Abilities, Weirdness & Mutations

You have temporarily grown beastly horns and talons.
You have an increased reservoir of magic. (+10% MP)
You shall have no god before yourself.
Your divine heritage dramatically boosts your attributes as you level up.


Message History

The spell is extremely dangerous to miscast (34% risk of failure)!
Continue anyway?
You miscast Spider Form.
You are very lightly contaminated with residual magic.
Nothing appears to happen.
Casting: Spider Form (extremely dangerous; 34% risk of failure)
Confirm with . or Enter, or press ? or * to list all spells.
The spell is extremely dangerous to miscast (34% risk of failure)!
Continue anyway?
You miscast Spider Form.
Nothing appears to happen.
You hit the scorpion but do no damage.
You claw the scorpion, but do no damage.
The scorpion stings you. The scorpion misses you.
You hit the scorpion. Your headbutt misses the scorpion.
The scorpion is lightly wounded.
The scorpion stings you.
You are poisoned.
The scorpion poisons you!
You hit the scorpion.
You claw the scorpion, but do no damage.
You headbutt the scorpion!
The scorpion is heavily wounded.
You feel very sick.
The scorpion stings you but does no damage.
You closely miss the scorpion.
The scorpion is heavily wounded.
You feel sick. The scorpion stings you.
You hit the scorpion but do no damage. You claw the scorpion.
Your headbutt misses the scorpion.
The scorpion is severely wounded.
Your transformation is almost over.
You feel sick. The scorpion stings you.
* * * LOW HITPOINT WARNING * * *
You are more poisoned.
The scorpion poisons you!
You hit the scorpion but do no damage.
The scorpion is severely wounded.
* * * LOW HITPOINT WARNING * * *
You feel very sick. The scorpion closely misses you.
It was a potion of magic.
Magic courses through your body.
You die...

######........... ..
#........######.. ...#
#.####.#.#######.#.....
#.................. #.
#......#.#.......# ##
#..>.......#####.# #.
#......#.........#.# #.
#......######.#..#.###.
#.....@# #.#..#.....
#.....s######.#..#.....
######...........#....#
#.....##.#..#.###
#.....##.#..†.#
#...(.##.#.#..#
#.....##.#....####
....[$##.#........
#.....##.#........


You could see a scorpion.

Vanquished Creatures
  An adder (D:2)
  2 gnolls (D:2)
  A worm (D:2)
  2 ball pythons (D:1)
  4 endoplasms
  2 giant cockroaches
  A goblin (D:1)
  A hobgoblin (D:2)
  5 quokkas
  7 bats
  A frilled lizard (D:1)
  6 kobolds
  3 rats
36 creatures vanquished.

Notes
Turn   | Place    | Note
-------+----------+-------------------------------------------
     0 | D:1      | Midn8 the Demigod Transmuter began the quest for the Orb.
     0 | D:1      | Reached XP level 1. HP: 15/15 MP: 5/5
   326 | D:1      | Reached XP level 2. HP: 15/22 MP: 5/7
   446 | D:1      | Learned a level 2 spell: Wereblood
  1017 | D:2      | Reached XP level 3. HP: 17/27 MP: 4/8
  1060 | D:2      | Learned a level 3 spell: Spider Form
  1175 | D:2      | Noticed a scorpion
  1627 | D:2      | HP: 1/27 [poisoned by a scorpion]
  1628 | D:2      | Succumbed to a scorpion's poison

Illustrated notes

Levels and vault maps discovered:
D:1:      lemuel_arrival_behind_the_door_large, layout_loops_ring
D:2:      minmay_general_purpose_star, layout_basic, nicolae_underground_beach

Skill      XL: |  1  2  3 |
---------------+----------+-----
Unarmed Combat | 3 |  3.3
Transmutations | 2 3 |  3.2
Spellcasting   | 2 |  2.0
Fighting       | |  0.8
Dodging        | |  1.7

Action                     || total
---------------------------++-------
  Melee: Unarmed           ||   109
         Headbutt          ||    13
         Kick              ||    18
   Cast: Beastly Appendage ||    22
         Wereblood         ||     2
         Spider Form       ||     1
    Use: Potion            ||     1
   Stab: Sleeping          ||     1
 Armour: Robe              ||    23
  Dodge: Dodged            ||    67

Table legend: (Time is in decaauts)
 A = Elapsed time spent in this place.
 B = Non-inter-level travel time spent in this place.
 C = Inter-level travel time spent in this place.
 D = Time resting spent in this place.
 E = Time spent auto-exploring this place.
 F = Levels seen in this place.
 G = Mean time per level.
                   A        B        C        D        E       F      G
               +--------+--------+--------+--------+--------+-----+--------+
         Total |   1620 |   1607 |     13 |    184 |   1054 |   2 |  810.0 |
       Dungeon |   1620 |   1607 |     13 |    184 |   1054 |   2 |  810.0 |
               +--------+--------+--------+--------+--------+-----+--------+

Top non-repeatable levels by time:
     D:2: 871 daAuts
     D:1: 749 daAuts
